 Dungeon Crawl Stone Soup version 0.24.0-123-gd5b16e6ec5 (webtiles) character file.

Game seed: 5792061816348837657, levelgen mode: deterministic

233874 Pingvinix the Warrior (level 19, -4/174 HPs)
             Began as a Hill Orc Fighter on Dec 22, 2019.
             Was the Champion of Nemelex Xobeh.
             Slain by a snapping turtle (10 damage)
             ... on level 4 of the Shoals on Dec 23, 2019.
             The game lasted 06:04:12 (52669 turns).

Pingvinix the Warrior (Hill Orc Fighter)           Turns: 52669, Time: 06:04:14

Health: -4/174     AC: 36    Str: 25    XL:     19   Next: 58%
Magic:  26/26      EV:  6    Int: 10    God:    Nemelex Xobeh [******]
Gold:   990        SH: 21    Dex: 13    Spells: 17/18 levels left

rFire    + . .     SeeInvis +   a - +9 staff of Olgreb {rPois}
rCold    . . .     Gourm    +   w - +0 large shield
rNeg     . . .     Faith    .   A - +6 plate armour {rF+}
rPois    ∞         Spirit   .   k - +0 helmet "Bowor" {SInv}
rElec    .         Reflect  .   p - +2 cloak {MR+}
rCorr    .         Harm     .   r - +2 pair of gloves {Dex+3}
MR       ++++.                  M - +2 pair of boots of the Fiddle {rPois MR+ Regen+}
Stlth    ..........             S - amulet of the gourmand
HPRegen  0.79/turn              z - ring of flight
MPRegen  0.20/turn              y - ring of protection from magic

@: engulfed (cannot breathe), very slow
A: no striking features
}: 1/15 runes: serpentine
a: Draw Escape, Draw Destruction, Draw Summoning, Draw Stack, Triple Draw, Deal
Four, Stack Five, Renounce Religion, Evoke Flight


You were on level 4 of the Shoals.
You worshipped Nemelex Xobeh.
Nemelex Xobeh was exalted by your worship.
You were full.

You visited 7 branches of the dungeon, and saw 33 of its levels.
You visited 1 bazaar.
You also visited: Ice Cave.

You collected 4273 gold pieces.
You spent 3283 gold pieces at shops.

Inventory:

Hand Weapons
 a - the +9 staff of Olgreb (weapon) {rPois}
   (You found it on level 5 of the Dungeon)

   It protects you from poison.
 b - a +6 morningstar of flaming
 c - the +6 short sword of the Establishment {flame, *Drain rElec rF+ Stlth+}
   (You found it on level 4 of the Lair of Beasts)

   It has been specially enchanted to burn those struck by it, causing extra
   injury to most foes and up to half again as much damage against particularly
   susceptible opponents.
   It protects you from fire.
   It insulates you from electricity.
   It causes draining when unequipped.
   It makes you more stealthy.
Armour
 g - a +2 plate armour of magic resistance
 k - the +0 helmet "Bowor" (worn) {SInv}
   (You bought it in a shop on level 2 of the Snake Pit)

   It lets you see invisible.
 p - a +2 cloak of magic resistance (worn)
 r - a +2 pair of gloves of dexterity (worn)
 w - a +0 large shield (worn)
 x - the +1 helmet "Koel" {rC- Int+5 Slay+5}
   (You bought it in a shop in a bazaar)

   It affects your intelligence (+5).
   It affects your accuracy and damage with ranged weapons and melee attacks
   (+5).
   It makes you vulnerable to cold.
 A - a +6 plate armour of fire resistance (worn)
 M - the +2 pair of boots of the Fiddle (worn) {rPois MR+ Regen+}
   (You bought it in a shop on level 2 of the Orcish Mines)

   It protects you from poison.
   It affects your resistance to hostile enchantments.
   It increases your rate of regeneration.
 N - a +3 plate armour of cold resistance
Magical Staves
 X - an uncursed staff of air
Jewellery
 h - the ring "Ovulivok" {Fire MR+ Dex+6}
   (You found it on level 13 of the Dungeon)

   [ring of fire]

   It enhances your fire magic.
   It affects your dexterity (+6).
   It protects you from fire.
   It makes you vulnerable to cold.
   It affects your resistance to hostile enchantments.
 i - an uncursed ring of poison resistance
 v - an uncursed ring of see invisible
 y - a ring of protection from magic (right hand)
 z - a ring of flight (left hand)
 P - an uncursed ring of protection from cold
 R - an uncursed ring of ice
 S - an amulet of the gourmand (around neck)
 U - the ring "Jiac" {rPois rF+ rN+ Str+4 Int+4}
   (You took it off a centaur warrior on level 11 of the Dungeon)

   [ring of intelligence]

   It affects your strength (+4).
   It affects your intelligence (+4).
   It protects you from fire.
   It protects you from poison.
   It protects you from negative energy.
 W - an uncursed ring of resist corrosion
Wands
 t - a wand of acid (23)
 u - a wand of flame (27)
 L - a wand of digging (11)
 Z - a wand of iceblast (18)
Scrolls
 d - a scroll of fear
 e - 18 scrolls of remove curse
 l - a scroll of acquirement
 m - 14 scrolls of teleportation
 s - 12 scrolls of identify
 E - 6 scrolls of enchant armour
 G - 3 scrolls of magic mapping
 J - 5 scrolls of blinking
Potions
 j - 2 potions of agility
 o - 2 potions of cancellation
 q - 8 potions of curing
 D - 10 potions of flight
 H - 3 potions of mutation
 K - 3 potions of haste
 Q - 3 potions of heal wounds
 Y - a potion of might
Comestibles
 f - 46 rations
 n - 5 chunks of flesh


   Skills:
 - Level 16.4 Fighting
 - Level 12.1 Short Blades
 - Level 15.3(16.3) Maces & Flails
 - Level 8.7(12.0) Staves
 * Level 16.1 Armour
 * Level 16.1 Shields
 + Level 5.4 Poison Magic
 - Level 10.1 Invocations
 + Level 8.9 Evocations


You had 17 spell levels left.
You knew the following spells:

 Your Spells              Type           Power        Failure   Level  Hunger
a - Sting                 Conj/Pois      #...         95%         1    ##.....

Your spell library contained the following spells:

 Spells                   Type           Power        Failure   Level  Hunger
 Poisonous Vapours        Pois/Air       #.....       99%         2    ###....
 Apportation              Tloc           #.....       100%        1    ##.....
 Flame Tongue             Conj/Fire      #....        100%        1    ##.....
 Shock                    Conj/Air       #...         100%        1    ##.....
 Summon Butterflies       Summ           #.......     100%        1    ##.....
 Call Imp                 Summ           #.......     100%        2    ###....
 Corpse Rot               Necr           N/A          100%        2    ###....
 Swiftness                Chrm/Air       #.......     100%        2    ###....
 Throw Flame              Conj/Fire      #.....       100%        2    ###....
 Conjure Flame            Conj/Fire      #.......     100%        3    ####...
 Inner Flame              Hex/Fire       #.......     100%        3    ####...
 Lesser Beckoning         Tloc           #.........   100%        3    ####...
 Mephitic Cloud           Conj/Pois/Air  #.......     100%        3    ####...
 Static Discharge         Conj/Air       #.......     100%        3    ####...
 Stone Arrow              Conj/Erth      #.....       100%        3    ####...
 Tukima's Dance           Hex            #.......     100%        3    ####...
 Airstrike                Air            #.........   100%        4    #####..
 Cause Fear               Hex            #.........   100%        4    #####..
 Leda's Liquefaction      Hex/Erth       #.........   100%        4    #####..
 Olgreb's Toxic Radiance  Pois           ###.....     100%        4    #####..
 Sticky Flame             Conj/Fire      #.......     100%        4    #####..
 Alistair's Intoxication  Tmut/Pois      #.......     100%        5    ######.
 Bolt of Magma            Conj/Fire/Erth #.........   100%        5    ######.
 Fireball                 Conj/Fire      #.........   100%        5    ######.
 Iskenderun's Battlesphe  Conj/Chrm      #.......     100%        5    ######.
 Lightning Bolt           Conj/Air       #.........   100%        5    ######.
 Silence                  Hex/Air        #.........   100%        5    ######.
 Summon Forest            Summ/Tloc      #.........   100%        5    ######.
 Venom Bolt               Conj/Pois      #.........   100%        5    ######.
 Yara's Violent Unravell  Hex/Tmut       #.........   100%        5    ######.
 Deflect Missiles         Chrm/Air       #.........   100%        6    #######
 Hydra Form               Tmut           #.........   100%        6    #######
 Invisibility             Hex            #.......     100%        6    #######
 Shadow Creatures         Summ           N/A          100%        6    #######
 Summon Hydra             Summ           #.........   100%        7    #######
 Discord                  Hex            #.........   100%        8    #######


Dungeon Overview and Level Annotations

Branches:
Dungeon (15/15)            Temple (1/1) D:6            Lair (6/6) D:9
 Shoals (4/4) Lair:2        Snake (4/4) Lair:2        Slime (0/5) Lair:6
    Orc (2/2) D:12            Elf (1/3) Orc:2        Vaults (0/5) D:14
 Depths (0/5) D:15          IceCv (visited)

Altars:
Ashenzari
Cheibriados
Dithmenos
Elyvilon
Fedhas
Gozag
Hepliaklqana
Kikubaaqudgha
Makhleb
Nemelex Xobeh
Okawaru
Qazlal
Ru
Sif Muna
Trog
Uskayaw
Vehumet
Wu Jian
Xom
Yredelemnul
Zin
The Shining One
Beogh
Jiyva

Shops:
D:4 *   D:7 [%%?=   D:11 [*!   D:12 [   D:14 *   Orc:1 (   Orc:2 !(:*
Shoals:1 ?   Snake:2 %[*[   Snake:4 ?

Portals:
Bazaar: Shoals:4

Annotations:
Lair:3 exclusion: 3 oklob plants
Snake:1 3 runed translucent doors, Kicir's ghost, adept GnFi
Elf:1 1 runed translucent door, Xihoome's ghost, veteran MiGl


Message History

The manticore barely misses you. The manticore claws you!
You wake up.
* * * LOW HITPOINT WARNING * * *
You block the manticore's attack.
The snapping turtle bites you but does no damage.
The barbs in your skin will harm you if you move.
Continue?
Okay, then.
You draw a card...
You have drawn the Tomb.
Walls emerge from the floor!
* * * LOW HITPOINT WARNING * * *
Your lungs strain for air!
You carefully extract the barbed spikes from your body.
The water elemental hits you!
* * * LOW HITPOINT WARNING * * *
The water nymph gestures at you while chanting.
The water swirls and strikes you!!
* * * LOW HITPOINT WARNING * * *
You block the manticore's attack. x2; The manticore barely misses you.
The dream sheep bites you but does no damage.
The snapping turtle bites you from afar!
You die...
Your body disappears without a glow.

,≈≈≈≈≈P≈P.......((##≈,,,,*,*,,,,,
≈≈≈≈≈...###...####(##≈,,,,*≈,,,,,
≈≈≈≈≈...*##..#......######≈≈,,,,,
≈≈≈≈≈≈.,,#...#.......≈≈≈≈≈≈≈,,,,,
≈≈≈≈≈P≈,..............≈≈.≈≈≈,,,,,
≈≈≈≈≈≈≈≈.≈≈...........≈≈≈.≈≈,,,,,
≈≈≈≈≈≈≈≈.............≈≈≈≈≈≈≈,,,,,
≈≈≈≈≈≈≈≈.####..###...≈≈<≈≈≈≈,,,,,
≈≈≈≈≈≈≈≈,* ##.tY@E≈.≈≈≈∩≈≈≈$,,,,,
,,≈≈≈≈≈,,**#..Y#Hm≈.≈≈≈<≈≈≈≈,,,,,
,,,≈≈≈≈≈,.......≈≈≈.≈≈≈≈≈≈≈≈,,,,,
,,,,,≈≈≈,≈≈≈≈.......≈.≈≈≈.≈≈,,,,,
,,,,,≈≈≈≈≈≈≈≈≈............≈≈,,≈,,
,,,≈≈≈≈≈≈≈Y≈≈≈<...≈.......≈≈,,≈≈,
,,,,≈≈≈≈≈≈≈≈≈≈≈≈≈≈≈≈.......≈,***,
,,,,≈≈≈≈≈≈≈≈≈≈≈≈≈≈≈≈.......,,***,
,,,,≈≈≈≈≈≈≈≈≈≈≈≈≈≈≈≈≈.$...,,,,,,,


You could see a snapping turtle, a manticore, a water elemental, a water nymph
and 3 dream sheep.

Vanquished Creatures
  A kraken (Shoals:2)
  6 nagarajas
  A frost giant (D:15)
  An orc warlord (Orc:2)
  An emperor scorpion (Lair:4)
  The ghost of Nivaska the Thaumaturge, a journeyman GnWn of Qazlal (Lair:2)
  A stone giant (D:9)
  The ghost of Mumum the Arsonist, a journeyman DrFE of Vehumet (Lair:5)
  Nessos (D:12)
  A deep elf annihilator (Elf:1)
  2 green deaths (Snake:2)
  Snorg (D:10)
  A fire dragon (D:11)
  Erolcha (D:10)
  10 hydras
  16 naga warriors
  A vault guard (D:14)
  A merfolk aquamancer (Shoals:1)
  27 anacondas
  2 ice dragons (IceCv)
  2 merfolk avatars (Shoals:3)
  7 centaur warriors
  5 two-headed ogres
  4 dancing weapons (Elf:1)
  2 ogre magi
  A tengu warrior (D:13)
  7 shock serpents
  7 naga sharpshooters
  3 orc high priests (Orc:2)
  6 deep elf knights (Elf:1)
  7 salamander mystics
  10 skeletal warriors
  4 unseen horrors
  8 sea snakes
  8 naga ritualists
  5 lindwurms
  2 deep elf archers (Elf:1)
  5 harpies
  6 orc knights
  20 deep elf magi
  A wolf spider (Lair:6)
  16 mana vipers
  4 cyclopes
  5 fauns (Shoals:1)
  8 ugly things
  7 orc sorcerers
  9 salamanders
  6 manticores
  5 merfolk sirens
  23 naga magi
  9 guardian serpents
  2 water nymphs
  37 black mambas
  2 ice statues (IceCv)
  Psyche (D:8)
  7 elephants
  5 torpor snails
  10 spiny frogs
  2 gargoyles
  A kobold demonologist (D:13)
  4 rime drakes
  A yaktaur (D:15)
  2 efreet (D:15)
  6 komodo dragons
  8 trolls
  10 polar bears (Lair:6)
  11 merfolk
  9 hornets
  3 tyrant leeches (Lair:6)
  3 wind drakes
  11 dream sheep
  13 hippogriffs
  A raiju (Lair:6)
  11 blink frogs
  4 snapping turtles
  4 shadows
  An air elemental (Elf:1)
  16 flying skulls (D:12)
  A spriggan (D:7)
  3 wyverns
  2 vampires
  3 water elementals
  A wraith (D:14)
  63 yaks
  7 humans (D:14)
  Eustachio (D:6)
  2 fire elementals (Elf:1)
  A golden eye (shapeshifter) (D:13)
  5 hungry ghosts
  A basilisk (Lair:5)
  3 vampire mosquitoes
  10 wargs
  40 nagas
  14 hell hounds (Lair:6)
  3 acid dragons
  9 soldier ants
  14 water moccasins
  14 porcupines
  A swamp drake (D:15)
  40 orc warriors
  2 eyes of draining
  A meliai simulacrum (D:15)
  19 ice beasts
  16 black bears
  A hornet zombie (D:11)
  5 sky beasts
  24 ogres
  2 necrophages (D:12)
  26 wolves
  2 phantoms
  19 centaurs
  14 crocodiles
  5 big kobolds
  17 bullfrogs
  Blork the orc (D:5)
  6 scorpions
  18 killer bees
  6 wights
  3 electric eels (Lair:5)
  6 howler monkeys
  6 centaur zombies
  4 crimson imps
  3 quasits
  33 orc priests
  8 hounds
  3 bullfrog skeletons
  4 jellies
  32 orc wizards
  9 centaur skeletons
  14 worker ants
  Terence (D:2)
  5 iguanas
  A killer bee zombie (D:9)
  2 hound zombies
  15 adders
  4 shadow imps
  13 white imps
  An ooze (D:1)
  An adder skeleton (D:9)
  A worm (D:2)
  A ball lightning (Shoals:3)
  3 dart slugs
  8 leopard geckos
  116 orcs
  9 bats
  12 giant cockroaches
  11 goblins
  10 hobgoblins
  2 jackals (D:6)
  9 quokkas
  A ball python (D:2)
  3 frilled lizards
  A giant cockroach zombie (D:6)
  A jackal skeleton (D:4)
  23 kobolds
  2 leopard gecko skeletons
  A leopard gecko zombie (D:5)
  A quokka skeleton (D:6)
  2 quokka zombies
  11 rats
  A fungus (Elf:1)
  8 plants
  2 tentacles (Shoals:2)
1303 creatures vanquished.

Vanquished Creatures (collateral kills)
  Rupert (Lair:6)
  A merfolk impaler (Shoals:3)
  A hydra (Lair:4)
  A dancing weapon (Elf:1)
  A sea snake (Shoals:3)
  4 harpies (Shoals:2)
  A cyclops (D:15)
  A deep elf mage (Elf:1)
  A manticore (D:11)
  A faun (Shoals:3)
  A spiny frog (Lair:6)
  A centaur skeleton (D:15)
  A kobold demonologist (D:15)
  A komodo dragon (Lair:6)
  4 merfolk
  2 snapping turtles
  A hippogriff (Lair:6)
  3 water elementals
  Sigmund (D:5)
  A basilisk (D:11)
  3 humans (D:14)
  A naga (Snake:4)
  A water moccasin (Lair:6)
  4 orc warriors
  2 orc priests (Orc:2)
  2 orc wizards
  3 orcs (D:15)
45 creatures vanquished.

Vanquished Creatures (others)
  A naga warrior (Snake:4)
  An orc high priest (Orc:2)
  An unseen horror (D:11)
  A naga ritualist (Snake:2)
  A human (D:14)
  2 yaks (Lair:2)
  2 nagas (Snake:4)
  A warg (Orc:2)
  An orc warrior (Orc:2)
  A howler monkey (D:10)
  An orc priest (Orc:2)
  An orc wizard (D:3)
  15 fungi
  36 plants
  31 tentacles
96 creatures vanquished.

Grand Total: 1444 creatures vanquished

Notes
Turn   | Place    | Note
-------+----------+-------------------------------------------
     0 | D:1      | Pingvinix the Hill Orc Fighter began the quest for the Orb.
     0 | D:1      | Reached XP level 1. HP: 19/19 MP: 1/1
    58 | D:1      | Reached XP level 2. HP: 20/27 MP: 2/2
   193 | D:1      | Reached XP level 3. HP: 33/33 MP: 3/3
   634 | D:2      | Found a stormy altar of Qazlal.
   652 | D:2      | Found a faded altar of an unknown god.
   658 | D:2      | Noticed Terence
   674 | D:2      | Killed Terence
   674 | D:2      | Reached XP level 4. HP: 11/40 MP: 4/4
  1259 | D:2      | Found a sparkling altar of Nemelex Xobeh.
  1267 | D:2      | Became a worshipper of Nemelex Xobeh the Trickster
  1516 | D:3      | Received a gift from Nemelex Xobeh
  1853 | D:3      | Reached skill level 5 in Maces & Flails
  2003 | D:3      | Reached XP level 5. HP: 44/46 MP: 5/5
  2351 | D:3      | Reached * piety under Nemelex Xobeh
  2415 | D:3      | Received a gift from Nemelex Xobeh
  2435 | D:3      | Found a shimmering blue altar of Sif Muna.
  2781 | D:4      | Noticed a black bear
  2791 | D:4      | Killed a black bear
  2791 | D:4      | Reached XP level 6. HP: 40/52 MP: 6/6
  3170 | D:4      | Reached skill level 1 in Invocations
  3187 | D:4      | Found a shattered altar of Ashenzari.
  3212 | D:4      | Found Toiweynur's Mass Market.
  3225 | D:4      | Bought a +0 large shield for 54 gold pieces
  3291 | D:4      | Reached XP level 7. HP: 57/58 MP: 8/8
  3512 | D:5      | Entered Level 5 of the Dungeon
  3535 | D:5      | Reached ** piety under Nemelex Xobeh
  3598 | D:5      | Found a transporter.
  3602 | D:5      | Received a gift from Nemelex Xobeh
  3646 | D:5      | Found a transporter.
  3750 | D:5      | Found the +9 staff of Olgreb {rPois}
  3753 | D:5      | Found a runed translucent door.
  3758 | D:5      | Found a runed translucent gate.
  3758 | D:5      | Found a runed translucent gate.
  3758 | D:5      | Noticed a soldier ant
  3758 | D:5      | Noticed a soldier ant
  3758 | D:5      | Noticed a soldier ant
  3758 | D:5      | Noticed a soldier ant
  3758 | D:5      | Noticed a soldier ant
  3759 | D:5      | Found a runed translucent door.
  3769 | D:5      | Found a runed translucent gate.
  3773 | D:5      | Noticed a soldier ant
  3773 | D:5      | Noticed a soldier ant
  3836 | D:5      | Received a gift from Nemelex Xobeh
  3939 | D:5      | Noticed Sigmund
  3940 | D:5      | Noticed a red devil
  3945 | D:5      | Noticed a vampire mosquito
  3945 | D:5      | Noticed a vampire mosquito
  3956 | D:5      | Killed Sigmund
  4266 | D:5      | Found a shadowy altar of Dithmenos.
  4333 | D:5      | Reached XP level 8. HP: 65/66 MP: 10/10
  4349 | D:5      | Received a gift from Nemelex Xobeh
  4885 | D:5      | Noticed Blork the orc
  5488 | D:6      | Noticed Eustachio
  5496 | D:6      | Killed Eustachio
  5496 | D:6      | Reached skill level 10 in Maces & Flails
  5616 | D:6      | Noticed Grinder
  5618 | D:6      | Noticed Prince Ribbit
  5641 | D:6      | Paralysed by Grinder for 6 turns
  5757 | D:6      | Reached *** piety under Nemelex Xobeh
  5769 | D:6      | HP: 1/66 [Prince Ribbit (14)]
  5773 | D:6      | Noticed Prince Ribbit
  5773 | D:6      | Prince Ribbit changed into Prince Ribbit the queen bee
  5776 | D:6      | Noticed Prince Ribbit
  5776 | D:6      | Prince Ribbit the queen bee changed into Prince Ribbit the
                  | big kobold
  5787 | D:6      | Killed Prince Ribbit the big kobold
  6118 | D:6      | Found a radiant altar of Vehumet.
  6164 | D:6      | Found a staircase to the Ecumenical Temple.
  6171 | Temple   | Entered the Ecumenical Temple
  6484 | D:6      | Reached skill level 5 in Invocations
  6723 | D:6      | Noticed Grinder
  6723 | D:6      | Grinder changed into Grinder the quasit
  6728 | D:6      | Killed Grinder the quasit
  6728 | D:6      | Reached XP level 9. HP: 69/71 MP: 12/12
  6740 | D:6      | Found a hide-covered altar of Uskayaw.
  7000 | D:7      | Found Edassecuq's Armour Emporium.
  7004 | D:7      | Found Nirgh's Food Boutique.
  7094 | D:7      | Found Ithrus's Jewellery Emporium.
  7130 | D:7      | Found Hieny's Magic Scroll Boutique.
  7149 | D:7      | Bought a scroll of identify for 26 gold pieces
  7149 | D:7      | Bought a scroll of identify for 26 gold pieces
  7149 | D:7      | Bought a scroll of teleportation for 39 gold pieces
  7178 | D:7      | Found Ycoum's Food Emporium.
  7178 | D:7      | Received a gift from Nemelex Xobeh
  8025 | D:8      | Received a gift from Nemelex Xobeh
  8169 | D:8      | Noticed Psyche
  8175 | D:8      | Killed Psyche
  8175 | D:8      | Reached XP level 10. HP: 57/78 MP: 15/15
  8423 | D:8      | Reached **** piety under Nemelex Xobeh
  9443 | D:9      | Got a shimmering ring mail
  9444 | D:9      | Identified the +2 ring mail of Leaves {rElec rPois} (You
                  | found it on level 9 of the Dungeon)
  9627 | D:9      | Found a staircase to the Lair.
  9690 | D:9      | Reached skill level 5 in Fighting
  9769 | D:9      | Received a gift from Nemelex Xobeh
 10019 | D:9      | Reached XP level 11. HP: 88/89 MP: 16/16
 10036 | D:9      | Reached skill level 5 in Armour
 10036 | D:9      | Reached skill level 5 in Shields
 10049 | D:9      | Noticed a stone giant
 10075 | D:9      | Killed a stone giant
 10075 | D:9      | Reached skill level 15 in Maces & Flails
 10744 | D:5      | Killed Blork the orc
 11453 | Lair:1   | Entered Level 1 of the Lair of Beasts
 11530 | Lair:1   | Reached skill level 1 in Staves
 11995 | Lair:1   | Received a gift from Nemelex Xobeh
 12462 | Lair:1   | Reached XP level 12. HP: 52/100 MP: 17/17
 13549 | Lair:2   | Reached skill level 5 in Staves
 13779 | Lair:2   | Found a staircase to the Shoals.
 14319 | Lair:2   | Received a gift from Nemelex Xobeh
 14362 | Lair:2   | Found a staircase to the Snake Pit.
 14768 | Lair:2   | Noticed a seven-headed hydra
 14786 | Lair:2   | Killed a seven-headed hydra
 15271 | Lair:3   | Received a gift from Nemelex Xobeh
 15779 | Lair:3   | Received a gift from Nemelex Xobeh
 15804 | Lair:3   | Noticed a seven-headed hydra
 15812 | Lair:3   | Killed a seven-headed hydra
 15968 | Lair:3   | Reached XP level 13. HP: 95/111 MP: 18/18
 16860 | Lair:4   | Got a pitted rapier
 17213 | Lair:4   | Got a warped short sword
 17614 | Lair:4   | Reached skill level 10 in Fighting
 17857 | Lair:4   | Reached ***** piety under Nemelex Xobeh
 17857 | Lair:4   | Received a gift from Nemelex Xobeh
 18278 | Lair:4   | Received a gift from Nemelex Xobeh
 18616 | Lair:4   | Noticed an emperor scorpion
 18616 | Lair:4   | a catoblepas changed into an emperor scorpion
 19587 | Lair:4   | Killed an emperor scorpion
 20442 | Lair:5   | Found a runed translucent gate.
 20442 | Lair:5   | Found a runed translucent gate.
 20473 | Lair:5   | Found a runed translucent gate.
 20475 | Lair:5   | Noticed Mumum's ghost (journeyman DrFE)
 20573 | Lair:5   | Reached skill level 10 in Shields
 20901 | Lair:5   | Received a gift from Nemelex Xobeh
 21443 | Lair:6   | Entered Level 6 of the Lair of Beasts
 21701 | Lair:5   | Reached skill level 10 in Armour
 22630 | Lair:6   | Found a runed translucent door.
 22630 | Lair:6   | Noticed an ice dragon
 22706 | Lair:6   | Found a staircase to the Slime Pits.
 22707 | Lair:6   | Found a viscous altar of Jiyva.
 23065 | Lair:6   | Reached XP level 14. HP: 116/124 MP: 20/20
 23212 | Lair:6   | Noticed Rupert
 23237 | Lair:6   | Paralysed by Rupert for 6 turns
 23245 | Lair:6   | Killed Rupert
 23459 | Lair:6   | Received a gift from Nemelex Xobeh
 25633 | Lair:6   | Reached skill level 10 in Invocations
 25754 | Lair:6   | Identified a scroll of acquirement
 26476 | D:3      | Identified Sif Muna's Grimoire of the Arsonist
 26679 | D:7      | Bought an uncursed ring of fire for 375 gold pieces
 26685 | D:7      | Bought an uncursed ring of protection from magic for 375
                  | gold pieces
 27053 | D:10     | Entered Level 10 of the Dungeon
 27328 | D:10     | Noticed Snorg
 27351 | D:10     | Killed Snorg
 27365 | D:10     | Noticed Erolcha
 27377 | D:10     | HP: 4/126 [acid (13)]
 27760 | D:10     | Killed Erolcha
 28168 | D:10     | Noticed Maurice
 28176 | D:10     | Noticed Maurice
 28176 | D:10     | Maurice changed into Maurice the centaur
 28181 | D:10     | Killed Maurice the centaur
 28276 | D:10     | Received a gift from Nemelex Xobeh
 28449 | D:10     | Received a gift from Nemelex Xobeh
 28665 | D:11     | Found a basalt altar of Yredelemnul.
 28676 | D:11     | Found a flickering gateway to a bazaar.
 28690 | Bazaar   | Entered a bazaar
 28691 | Bazaar   | Found Fais's Antique Armour Boutique.
 28697 | Bazaar   | Found Mubuapt's Assorted Antiques.
 28701 | Bazaar   | Found Biosifum's Armour Emporium.
 28740 | Bazaar   | Found Guuph's Assorted Antiques.
 28748 | Bazaar   | Found Taplueph's Magic Scroll Boutique.
 28781 | Bazaar   | Bought a polished helmet for 190 gold pieces
 28783 | Bazaar   | Identified the +1 helmet "Koel" {rC- Int+5 Slay+5} (You
                  | bought it in a shop in a bazaar)
 28815 | Bazaar   | Bought 2 scrolls of identify for 36 gold pieces
 28815 | Bazaar   | Bought a scroll of identify for 18 gold pieces
 28815 | Bazaar   | Bought a scroll of identify for 18 gold pieces
 28819 | Bazaar   | Bought a scroll of enchant armour for 67 gold pieces
 28846 | Bazaar   | Bought a scroll of teleportation for 51 gold pieces
 28890 | D:11     | Found Tefiho's Antique Armour Boutique.
 28900 | D:11     | Found Bir Pow's Assorted Antiques.
 28974 | D:11     | Found Tung's Distillery.
 28987 | D:11     | Bought a potion of heal wounds for 60 gold pieces
 28987 | D:11     | Bought a potion of heal wounds for 60 gold pieces
 28987 | D:11     | Bought a potion of heal wounds for 60 gold pieces
 29463 | D:11     | Identified the +1 rapier of Sorag {holy, Fragile MP+9
                  | Stlth+} (You found it on level 4 of the Lair of Beasts)
 29465 | D:11     | Identified the +6 short sword of the Establishment {flame,
                  | *Drain rElec rF+ Stlth+} (You found it on level 4 of the
                  | Lair of Beasts)
 29486 | D:11     | Found a runed translucent door.
 29816 | D:11     | Reached XP level 15. HP: 134/134 MP: 22/22
 29833 | D:11     | Reached skill level 1 in Short Blades
 29876 | D:11     | Received a gift from Nemelex Xobeh
 30124 | D:11     | Identified the ring "Jiac" {rPois rF+ rN+ Str+4 Int+4}
 31086 | D:12     | Received a gift from Nemelex Xobeh
 31106 | D:12     | Reached skill level 5 in Short Blades
 31147 | D:12     | Noticed Nessos
 31152 | D:12     | Killed Nessos
 31284 | D:12     | Found Gugaoc's Armour Shoppe.
 31284 | D:12     | Found a staircase to the Orcish Mines.
 31632 | D:12     | Found the +3 giant club "Skullcrusher" {speed, Str+7}
 31792 | D:12     | Received a gift from Nemelex Xobeh
 31793 | D:12     | Reached ****** piety under Nemelex Xobeh
 31927 | D:13     | Found a frozen archway.
 31990 | IceCv    | Entered an ice cave
 32678 | D:13     | Received a gift from Nemelex Xobeh
 32681 | D:13     | Got a steaming tin ring
 32683 | D:13     | Identified the ring "Ovulivok" {Fire MR+ Dex+6} (You found
                  | it on level 13 of the Dungeon)
 33102 | D:13     | You fall into a shaft and drop 1 floor!
 33109 | D:14     | Received a gift from Nemelex Xobeh
 33516 | D:14     | Received a gift from Nemelex Xobeh
 33646 | D:14     | Reached skill level 10 in Short Blades
 33665 | D:14     | Found a gate to the Vaults.
 33973 | D:14     | Found Fuotuthry's General Store.
 34037 | D:14     | Received a gift from Nemelex Xobeh
 34059 | D:15     | Entered Level 15 of the Dungeon
 34120 | D:14     | Reached XP level 16. HP: 136/141 MP: 23/23
 34250 | D:15     | Got a shimmering steel amulet
 34251 | D:15     | Identified the amulet of Fuegucoo {RegenMP Str+2} (You
                  | found it on level 15 of the Dungeon)
 34974 | D:15     | Received a gift from Nemelex Xobeh
 34991 | D:15     | Reached skill level 1 in Evocations
 35267 | D:15     | Found a staircase to the Depths.
 35596 | Orc:1    | Entered Level 1 of the Orcish Mines
 35596 | Orc:1    | Found Denyt's Weapon Boutique.
 35743 | Orc:2    | Entered Level 2 of the Orcish Mines
 35823 | Orc:2    | Received a gift from Nemelex Xobeh
 36056 | Orc:2    | Found a roughly hewn altar of Beogh.
 36162 | Orc:2    | Found Coidd's General Store.
 36170 | Orc:2    | Reached skill level 5 in Evocations
 36185 | Orc:2    | Found Hischowky's Book Shoppe.
 36935 | Orc:2    | Identified the Grimoire of the Ashen Escort
 36948 | Orc:2    | Learned a level 1 spell: Sting
 36969 | Orc:2    | Received a gift from Nemelex Xobeh
 37000 | Orc:2    | Found a staircase to the Elven Halls.
 37111 | Orc:2    | Found a roughly hewn altar of Beogh.
 37134 | Orc:2    | Reached skill level 1 in Poison Magic
 37484 | Orc:2    | Found Widaev's Weapon Shop.
 37511 | Orc:2    | Found Narghy's Distillery.
 37519 | Orc:2    | Bought a potion of heal wounds for 85 gold pieces
 37519 | Orc:2    | Bought a potion of heal wounds for 85 gold pieces
 38495 | Elf:1    | Entered Level 1 of the Elven Halls
 39291 | Elf:1    | Identified the +7 shortbow of Law {venom, rPois rN+ Dex+5}
 39300 | Elf:1    | Identified the Catalogue of Attacks
 39354 | Elf:1    | Reached XP level 17. HP: 98/148 MP: 24/24
 39882 | Elf:1    | Received a gift from Nemelex Xobeh
 40876 | Elf:1    | Found a runed translucent door.
 40876 | Elf:1    | Noticed Xihoome's ghost (veteran MiGl)
 40939 | Elf:1    | Found an ancient bone altar of Kikubaaqudgha.
 41228 | Orc:2    | Bought the +2 pair of boots of the Fiddle {rPois MR+
                  | Regen+} for 532 gold pieces
 41323 | D:11     | Bought a pair of glowing gloves for 247 gold pieces
 41779 | Lair:5   | Killed Mumum's ghost
 42042 | Snake:1  | Entered Level 1 of the Snake Pit
 42305 | Snake:1  | Found a runed translucent gate.
 42305 | Snake:1  | Found a runed translucent gate.
 42305 | Snake:1  | Found a runed translucent gate.
 42389 | Snake:1  | Received a gift from Nemelex Xobeh
 42549 | Snake:1  | Identified the +0 long sword of Mastery {freeze, -Tele
                  | rPois Int+5 Dex+2}
 43287 | Snake:1  | Received a gift from Nemelex Xobeh
 43414 | Snake:1  | Noticed Kicir's ghost (adept GnFi)
 43650 | Snake:2  | Found Cairaino's General Store.
 43665 | Snake:2  | Bought a scroll of teleportation for 54 gold pieces
 43700 | Snake:2  | Found Lot Ymion's Food Shoppe.
 43769 | Snake:2  | Received a gift from Nemelex Xobeh
 43835 | Snake:2  | Found Esta's Antique Armour Shoppe.
 43835 | Snake:2  | Found Hettede's Antique Armour Shop.
 43851 | Snake:2  | Bought a pair of glowing gloves for 232 gold pieces
 43891 | Snake:2  | Bought a smoking helmet for 332 gold pieces
 43892 | Snake:2  | Identified the +0 helmet "Bowor" {SInv} (You bought it in a
                  | shop on level 2 of the Snake Pit)
 44174 | Snake:2  | Found a runed translucent door.
 44659 | Snake:3  | Reached XP level 18. HP: 141/161 MP: 25/25
 44900 | Snake:3  | Received a gift from Nemelex Xobeh
 45432 | Snake:3  | Received a gift from Nemelex Xobeh
 45770 | Snake:3  | Received a gift from Nemelex Xobeh
 46159 | Snake:3  | Received a gift from Nemelex Xobeh
 46288 | Snake:4  | Entered Level 4 of the Snake Pit
 46300 | Snake:4  | Reached skill level 15 in Fighting
 47299 | Snake:4  | Found Fekkonno's Magic Scroll Emporium.
 47306 | Snake:4  | Bought a scroll of identify for 36 gold pieces
 47306 | Snake:4  | Bought a scroll of enchant armour for 135 gold pieces
 47306 | Snake:4  | Bought a scroll of teleportation for 54 gold pieces
 47306 | Snake:4  | Bought a scroll of identify for 36 gold pieces
 47332 | Snake:4  | Received a gift from Nemelex Xobeh
 47584 | Snake:4  | Reached skill level 15 in Shields
 47646 | Snake:4  | Reached skill level 15 in Armour
 48706 | Snake:4  | Reached XP level 19. HP: 168/172 MP: 17/26
 48957 | Snake:4  | Got a serpentine rune of Zot
 49193 | Shoals:1 | Entered Level 1 of the Shoals
 49271 | Shoals:1 | Found a runed translucent door.
 49271 | Shoals:1 | Noticed Nivaska's ghost (journeyman GnWn)
 49732 | Lair:2   | Killed Nivaska's ghost
 49978 | Shoals:1 | Received a gift from Nemelex Xobeh
 50274 | Shoals:1 | Found Hairphir's Magic Scroll Shop.
 50620 | Shoals:2 | Received a gift from Nemelex Xobeh
 50784 | Shoals:2 | Reached skill level 5 in Poison Magic
 52396 | Shoals:3 | Received a gift from Nemelex Xobeh
 52524 | Shoals:4 | Entered Level 4 of the Shoals
 52645 | Shoals:4 | Found a flickering gateway to a bazaar.
 52669 | Shoals:4 | HP: 6/174 [water nymph/the raging water (29)]
 52669 | Shoals:4 | Slain by a snapping turtle

Levels and vault maps discovered:
D:1:      dpeg_arrival_ratfight, layout_rooms
D:2:      layout_basic, nemelex_altar_shiori, chequers_ecumenical_altar_island,
          nicolae_qazlal_eye_of_the_storm, uniq_terence
D:3:      layout_basic, led_sif_book, grunt_decor_resistance, st_stairs_13
D:4:      black_bear_nest_1, layout_loops_ring, minivault_24,
          hangedman_decor_points, minmay_shop_mass, cheibrodos_ashenzari_chains
D:5:      gammafunk_wand_slinger, layout_basic, first_ration, basic_altar,
          serial_bayou_pond_e, minmay_guarded_unrand_staff_of_olgreb,
          uniq_sigmund, uniq_blork_the_orc
D:6:      layout_basic, lemuel_coloured_pillars_altar, lemuel_doored_altar,
          temple_green, uniq_prince_ribbit1, uniq_eustachio, uniq_grinder
D:7:      layout_basic, serial_shops, shop, shop, shop,
          nicolae_shop_statue_plus, shop_fountains, the_bakery,
          eino_small_chamber_without_monster, minmay_liquid_box
D:8:      minmay_general_purpose_star, layout_basic,
          chequers_serial_rivers_room_a, hex_medium, small_statue_alley_b,
          uniq_psyche
D:9:      layout_basic, due_lair_maze_entry_diamond, minmay_three_doors
D:10:     layout_loops_ring, uniq_maurice, uniq_erolcha, uniq_snorg
D:11:     minmay_the_grid_triangle_9x9_line_8_mashed
          [minmay_the_grid_triangle_9x9_checkered,
          minmay_the_grid_triangle_9x9_longest,
          minmay_the_grid_triangle_9x9_corruption,
          minmay_the_grid_triangle_9x9_dagger,
          minmay_the_grid_triangle_9x9_cache,
          minmay_the_grid_triangle_9x9_intruding_spiral,
          minmay_the_grid_triangle_9x9_stretched_checkered,
          minmay_the_grid_triangle_9x9_prize_top_heavy], layout_loops_ring,
          basic_altar, serial_shops, freezing_bzr, kennysheep_little_box, shop,
          shop, lightli_airlock
D:12:     layout_irregular_city, orc_david_3,
          minmay_guarded_unrand_skullcrusher, uniq_nessos
D:13:     layout_roguey, portal_ice_cave_entry_imps,
          hangedman_abyss_or_decor_jellyfish_corner
D:14:     layout_grid_maze, ximxim_vaults_locker_room,
          minmay_misc_feat_nine_boxes, serial_shops, nicolae_shop_stone
D:15:     grunt_enter_depths_snipers, layout_irregular_city
Temple:   dpeg_five_rooms_temple
Lair:1:   layout_loops_ring, st_stairs_7, grunt_megastairs_2,
          infiniplex_staircase_pool
Lair:2:   layout_hall_layers, minmay_shoals_entry_lonely_mermaid,
          dummy_snake_entry, grunt_megastairs_1
Lair:3:   layout_misc_corridors, lemuel_fruit_tree, minmay_lair_oklob_chamber
Lair:4:   layout_cave_pods, minivault_11
Lair:5:   layout_small_grid, gammafunk_ghost_hydra_chop, disabler_island,
          serial_bayou_shore_b
Lair:6:   wormcave, layout_hall_layers, hangedman_lair_caniforms_friends,
          slime_altar_1, uniq_rupert
Shoals:1: layout_shoals, ebering_ghost_inner_flame, serial_shops,
          nicolae_shop_stone
Shoals:2: layout_shoals
Shoals:3: layout_shoals
Shoals:4: shoals_end_hangedman, layout_shoals, serial_shops, bzr_entry_islet
Snake:1:  layout_grid_shapes, gammafunk_ghost_necromancy
Snake:2:  cheibrodos_toxic_ritual, layout_onion, serial_shops,
          nicolae_shop_stone, shop, shop, shop
Snake:3:  layout_chambers
Snake:4:  snake_pit_salamanders_mu, layout_cave_town, serial_shops, shop_scrolls
Orc:1:    layout_caves, serial_shops, shop, mines2_lemuel
Orc:2:    pubby_orc_utopia
Elf:1:    minmay_elf_arrival_summoners, layout_geoelf_octagon,
          ebering_ghost_inner_flame, basic_altar, minmay_elf_annihilation

Skill      XL: |  1  2  3  4  5  6  7  8  9 10 11 12 13 14 15 16 17 18 19 |
---------------+----------------------------------------------------------+-----
Maces & Flails | 3 4 5 6 7 9 11 13 14 15 | 15.3
Invocations    | 1 3 5 7 8 10 | 10.1
Fighting       | 5 7 9 11 12 14 16 | 16.4
Shields        | 4 7 8 10 11 12 13 15 16 | 16.1
Armour         | 4 6 8 10 11 12 13 15 16 | 16.1
Staves         | 4 6 8 |  8.7
Short Blades   | 10 12 | 12.1
Evocations     | 8 |  8.9
Poison Magic   | 4 5 |  5.4

Action                   |  1- 3 |  4- 6 |  7- 9 | 10-12 | 13-15 | 16-18 | 19-21 || total
-------------------------+-------+-------+-------+-------+-------+-------+-------++-------
Melee: Flail             |   139 |       |       |       |       |       |       ||   139
       Morningstar       |       |   175 |   483 |   434 |   444 |   139 |    68 ||  1743
       Staff             |       |       |       |   516 |  1766 |  1867 |   707 ||  4856
       Short sword       |       |       |       |       |       |   480 |       ||   480
Throw: Javelin           |       |     1 |     5 |       |       |       |       ||     6
Invok: Triple Draw       |       |       |     1 |     2 |       |     4 |       ||     7
       Deal Four         |       |       |       |       |       |     3 |     1 ||     4
       Stack Five        |       |       |       |       |       |     1 |       ||     1
 Abil: Draw Destruction  |       |     2 |     7 |     3 |    17 |    12 |     3 ||    44
       Draw Summoning    |       |     1 |     2 |     1 |     8 |    11 |     4 ||    27
       Draw Escape       |       |       |     2 |       |     1 |     1 |     2 ||     6
       Evoke Flight      |       |       |       |       |     1 |     1 |    21 ||    23
Evoke: Wand              |       |       |     1 |     2 |    16 |    12 |     3 ||    34
       Staff of Olgreb   |       |       |       |     2 |     1 |    12 |     4 ||    19
  Use: Potion            |     1 |       |     1 |     2 |     8 |     4 |     1 ||    17
       Scroll            |       |     7 |    14 |     6 |    28 |    15 |     3 ||    73
  Eat: Chunk             |       |     5 |     5 |    21 |    63 |    42 |    20 ||   156
       Ration            |       |     1 |     4 |     2 |     3 |     1 |       ||    11
Armor: Scale mail        |    56 |    98 |   101 |       |       |       |       ||   255
       Plate armour      |       |       |   151 |   351 |   973 |   871 |   389 ||  2735
       Ring mail         |       |       |       |    39 |       |       |       ||    39
Dodge: Dodged            |    46 |    62 |    72 |   126 |   235 |   211 |   125 ||   877
Block: Shield            |    73 |    97 |   182 |   329 |       |       |       ||   681
       Large shield      |       |       |       |   175 |  1700 |  2119 |   811 ||  4805
